 Dungeon Crawl Stone Soup version 0.28-a0-194-g42b4daccc1 (webtiles) character file.

Game seed: 12355886637001566248

1508 timneilson the Covered (level 8, -5/49 HPs)
             Began as a Gargoyle Fighter on Aug 18, 2021.
             Was a Follower of Okawaru.
             Slain by a wight (15 damage)
             ... on level 6 of the Dungeon.
             The game lasted 00:07:53 (5793 turns).

timneilson the Covered (Gargoyle Fighter)           Turns: 5793, Time: 00:07:54

Health: -5/49      AC: 24    Str: 22    XL:     8   Next: 82%
Magic:  9/9        EV:  6    Int:  9    God:    Okawaru [*.....]
Gold:   331        SH:  9    Dex:  9    Spells: 7/7 levels left

rFire   . . .      SeeInvis .   a - +1 long sword (flame)
rCold   + . .      Faith    .   c - +0 kite shield
rNeg    + . .      Spirit   .   g - +0 chain mail
rPois   ∞          Reflect  .   f - +2 helmet
rElec   +          Harm     .   b - +2 cloak
rCorr   .          Rampage  .   n - +0 pair of gloves
Will    .....                   (no boots)
Stlth   ..........              (no amulet)
HPRegen 0.16/turn               h - ring of protection from cold
MPRegen 0.11/turn               (no ring)

@: no status effects
A: sickness immunity, AC +5, negative energy resistance 1, electricity
resistance, torment resistance 1, petrification resistance
a: Renounce Religion, Heroism


You were on level 6 of the Dungeon.
You worshipped Okawaru.
Okawaru was aware of your devotion.
You visited 2 branches of the dungeon, and saw 7 of its levels.

You collected 331 gold pieces.

Inventory:

Hand Weapons
 a - a +1 long sword of flaming (weapon)
Armour
 b - a +2 cloak (worn)
 c - a +0 kite shield (worn)
 f - a +2 helmet (worn)
 g - a +0 chain mail (worn)
 n - a +0 pair of gloves (worn)
Jewellery
 h - a ring of protection from cold (left hand)
 m - a ring of ice
Wands
 k - a wand of digging (5)
Potions
 e - a potion of berserk rage
 l - a potion of brilliance
 p - a potion of lignification {unknown}


   Skills:
 + Level 5.3 Fighting
 * Level 5.4 Long Blades
 * Level 6.9 Armour
 * Level 6.8 Shields
 + Level 1.7 Invocations
 + Level 1.3 Evocations


You had 7 spell levels left.
You didn't know any spells.
Your spell library contained the following spells:

 Spells                   Type           Power      Damage    Failure   Level
 Apportation              Tloc           0%         N/A       100%        1
 Corona                   Hex            0%         N/A       100%        1
 Frozen Ramparts          Ice            0%         1d2       100%        3
 Ice Form                 Ice/Tmut       0%         N/A       100%        4
 Animate Skeleton         Necr           Unusable   N/A       N/A         1
 Summon Small Mammal      Summ           Unusable   N/A       N/A         1
 Summon Ice Beast         Ice/Summ       Unusable   N/A       N/A         4

Dungeon Overview and Level Annotations

Branches:
Dungeon (6/15)             Temple (1/1) D:5

Altars:
Cheibriados
Dithmenos
Elyvilon
Fedhas
Gozag
Kikubaaqudgha
Nemelex Xobeh
Okawaru
Qazlal
Ru
Sif Muna
Trog
Vehumet
Xom
Yredelemnul

Shops:
D:3 ?![*


Innate Abilities, Weirdness & Mutations

You are immune to sickness and miasma.
Your stone body is resilient. (AC +5)
You are immune to poison.
You resist negative energy. (rN+)
You are resistant to electric shocks. (rElec)
You are resistant to unholy torment.
You are immune to petrification.


Message History

You barely miss the wight.
The wight is heavily damaged.
You block the wight's attack. x2
You hit the wight. You burn the wight.
The wight is severely damaged.
The wight barely misses you. The wight hits you but does no damage.
You hit the wight. You burn the wight.
You destroy the wight!
Okawaru accepts your kill.
The wight hits you from afar with a +5 halberd.
A wight comes into view. It is wielding a +3 mace.
You barely miss the wight. The wight closely misses you.
The wight barely misses you.
You riposte.
You hit the wight but do no damage. The wight barely misses you.
You barely miss the wight.
The wight hits you with a +0 great sword.
The wight hits you but does no damage. x2
You barely miss the wight. The wight hits you but does no damage.
You block the wight's attack.
You slash the wight! You burn the wight.
The wight is severely damaged.
The wight hits you but does no damage.
The wight hits you with a +0 great sword.
The wight hits you from afar with a +5 halberd!
You hit the wight. You burn the wight.
The wight is almost destroyed.
You block the wight's attack.
The wight hits you but does no damage. x2
You hit the wight. You burn the wight.
You destroy the wight!
Okawaru accepts your kill.
The wight hits you from afar with a +5 halberd!
You hit the wight but do no damage. You block the wight's attack.
The wight closely misses you. You block the wight's attack.
The wight hits you from afar with a +5 halberd.
* * * LOW HITPOINT WARNING * * *
You slash the wight! You burn the wight.
The wight is heavily damaged.
You block the wight's attack.
The wight hits you from afar with a +5 halberd!
You die...

#.#........... ..
#.#..†.z.z....
...###.##.>...#+#..
..........###.....
..................
....#<....###.#.#..
..........z........
#..#....#z####...
#. ######@# # #<#
###


You could see 2 wights.

Vanquished Creatures
  Duvessa (D:4)
  An ice beast (D:4)
  3 black bears (D:5)
  A sky beast (D:6)
  A necrophage (D:5)
  A centaur (D:4)
  A kobold brigand (D:4)
  A bullfrog (D:6)
  A gnoll sergeant (D:5)
  Dowan (D:4)
  3 scorpions
  2 wights (D:6)
  A bullfrog skeleton (D:5)
  A hound (D:4)
  An iguana (D:4)
  7 gnolls
  4 adders
  4 dart slugs
  2 orcs
  5 bats
  11 endoplasms
  3 giant cockroaches (D:1)
  10 hobgoblins
  16 jackals
  8 kobolds
  2 quokkas (D:1)
  4 ball pythons
  A frilled lizard (D:2)
  5 goblins
  A quokka skeleton (D:4)
  6 rats
109 creatures vanquished.

Notes
Turn   | Place    | Note
-------+----------+-------------------------------------------
     0 | D:1      | timneilson the Gargoyle Fighter began the quest for the
                  | Orb.
     0 | D:1      | Reached XP level 1. HP: 14/14 MP: 1/1
    93 | D:1      | Reached XP level 2. HP: 13/19 MP: 2/2
   602 | D:1      | Reached XP level 3. HP: 23/23 MP: 3/3
  1109 | D:1      | Found a faded altar of an unknown god.
  1589 | D:2      | Reached XP level 4. HP: 24/28 MP: 4/4
  2432 | D:3      | Found Coigamar's Magic Scroll Emporium.
  2461 | D:3      | Found an opulent altar of Gozag.
  2516 | D:3      | Found a shimmering blue altar of Sif Muna.
  2636 | D:3      | Found Cennogh's Antique Armour Shoppe.
  2674 | D:3      | Found Nuywkory's General Store.
  2767 | D:3      | Found Taruucs's Distillery.
  3014 | D:3      | Reached XP level 5. HP: 33/33 MP: 5/5
  3345 | D:4      | Noticed an ice beast
  3356 | D:4      | Killed an ice beast
  3569 | D:4      | Reached XP level 6. HP: 34/38 MP: 6/6
  3610 | D:4      | Reached skill level 5 in Armour
  3610 | D:4      | Reached skill level 5 in Shields
  3866 | D:4      | Noticed Duvessa
  3879 | D:4      | Killed Duvessa
  3879 | D:4      | Noticed Dowan
  3880 | D:4      | Reached XP level 7. HP: 39/43 MP: 7/7
  3896 | D:4      | Killed Dowan
  4438 | D:5      | Entered Level 5 of the Dungeon
  4608 | D:5      | Found a staircase to the Ecumenical Temple.
  4614 | Temple   | Entered the Ecumenical Temple
  4638 | Temple   | Became a worshipper of Warmaster Okawaru
  4896 | D:5      | Reached XP level 8. HP: 31/48 MP: 8/8
  5321 | D:5      | Found a bloodstained altar of Trog.
  5337 | D:5      | Reached * piety under Okawaru
  5338 | D:5      | Reached skill level 5 in Fighting
  5338 | D:5      | Reached skill level 5 in Long Blades
  5574 | D:5      | Reached skill level 1 in Invocations
  5574 | D:5      | Reached skill level 1 in Evocations
  5793 | D:6      | Slain by a wight

Illustrated notes

Levels and vault maps discovered:
D:1:      dpeg_arrival_short_road, layout_loops_ring, basic_ecumenical_altar
D:2:      minmay_wonky_spiral, layout_loops_cross
D:3:      layout_basic, lemuel_doored_altar, general_overflow_altar,
          serial_shops, shop, shop, shop_fountains, shop
D:4:      layout_basic, uniq_duvessa
D:5:      layout_basic, trog_ov_bears_minmay, minmay_temple_entry_hall
D:6:      kennysheep_six_static_rooms, layout_basic, serial_shops, shop_coins,
          nicolae_ossuary_entry_giza, centaur_isle
Temple:   minmay_temple_bridge_abc

Skill      XL: |  1  2  3  4  5  6  7  8 |
---------------+-------------------------+-----
Long Blades    | 2 3 4 5 |  5.4
Shields        | 4 5 6 |  6.8
Armour         | 4 5 6 |  6.9
Fighting       | 4 5 |  5.3
Invocations    | 1 |  1.7
Evocations     | 1 |  1.3

Action                   |  1- 3 |  4- 6 |  7- 9 || total
-------------------------+-------+-------+-------++-------
Melee: Long sword        |   118 |   135 |   140 ||   393
  Use: Scroll            |     2 |     1 |     7 ||    10
       Potion            |       |     2 |     2 ||     4
Armor: Scale mail        |    56 |       |       ||    56
       Chain mail        |    17 |    98 |   118 ||   233
Dodge: Dodged            |    34 |    34 |    57 ||   125
Block: Kite shield       |    60 |    59 |   112 ||   231
       Rpst.: Long sword |    11 |     7 |    15 ||    33

Table legend: (Time is in decaauts)
 A = Elapsed time spent in this place.
 B = Non-inter-level travel time spent in this place.
 C = Inter-level travel time spent in this place.
 D = Time resting spent in this place.
 E = Time spent auto-exploring this place.
 F = Levels seen in this place.
 G = Mean time per level.
                   A        B        C        D        E       F      G
               +--------+--------+--------+--------+--------+-----+--------+
         Total |   5974 |   5831 |    143 |      0 |   4862 |   7 |  853.4 |
       Dungeon |   5765 |   5646 |    119 |      0 |   4689 |   6 |  960.8 |
        Temple |    208 |    184 |     24 |      0 |    173 |   1 |  208.0 |
               +--------+--------+--------+--------+--------+-----+--------+

Top non-repeatable levels by time:
     D:1: 1352 daAuts
     D:4: 1184 daAuts
     D:5: 1118 daAuts
     D:2: 1096 daAuts
     D:3: 949 daAuts
  Temple: 208 daAuts
     D:6: 63 daAuts
